[Event "Chessable Masters - Torneo preliminare"]
[White "Cardoso Cardoso, Jose Gabriel"]
[Black "Bluebaum, Matthias"]
[WhiteFideId "4430492"]
[BlackFideId "24651516"]
[WhiteElo "2425"]
[BlackElo "2601"]
[Result "1/2-1/2"]
[Round "2"]
[TimeControl "600+2"]
[Date "2023.03.13"]
[WhiteClock "0:00:24"]
[BlackClock "0:00:26"]

1. d4 d5 2. c4 e6 3. Nc3 Bb4 4. a3 Bxc3+ 5. bxc3 Nf6 6. e3 c6 7. cxd5 cxd5 8. Bd3 O-O 9. Ne2 b6 10. c4 Ba6 11. cxd5 Qxd5 12. O-O Bxd3 13. Qxd3 Nc6 14. Rd1 Rfd8 15. Rb1 Ne5 16. Qb3 Nc4 17. f3 Rac8 18. e4 Qa5 19. a4 e5 20. Qb5 exd4 21. Qxa5 Nxa5 22. Nxd4 Rc4 23. Be3 Rxa4 24. Nf5 Rxd1+ 25. Rxd1 h6 26. Rd8+ Kh7 27. Rf8 Nc4 28. Bxh6 Ra1+ 29. Kf2 Ra2+ 30. Ke1 Ra1+ 31. Ke2 Ra2+ 32. Kd1 Rxg2 33. Bxg7 Rxg7 34. Nxg7 Kxg7 35. Rc8 b5 36. Ke2 a5 37. Rc5 Na3 38. Kd3 Nd7 39. Rd5 Nb6 40. Rg5+ Kf6 41. h4 Nd7 42. f4 a4 43. h5 b4 44. h6 Nf8 45. Rg8 Nh7 46. Rg7 b3 47. Kc3 Nb5+ 48. Kb2 Nf8 49. e5+ Ke7 50. f5 Nd4 51. e6 Nxf5 52. Rxf7+ Kxe6 53. Rxf8 Nxh6 54. Ra8 Nf5 55. Rxa4 Nd6 56. Kxb3 Kd5 57. Ra5+ Ke6 58. Kb4 Nf5 59. Kc5 Ke5 60. Ra1 Ke4 61. Re1+ Kd3 62. Re5 Ne3 63. Re8 Nf5 64. Kd5 Ne3+ 65. Ke5 Nc4+ 66. Kf4 Kd4 67. Rd8+ Kc5 68. Ke4 Nd6+ 69. Kd3 Kd5 70. Rh8 Ke5 71. Rh6 Nf5 72. Rh1 Nd6 73. Ra1 Nf5 74. Ra5+ Kf4 1/2-1/2


[Site "Internet"]

[Event "Chessable Masters - Torneo preliminare"]
[White "Mikaelyan, Arman"]
[Black "Kravtsiv, Martyn"]
[WhiteFideId "13304852"]
[BlackFideId "14113147"]
[WhiteElo "2456"]
[BlackElo "2675"]
[Result "1-0"]
[Round "2"]
[TimeControl "600+2"]
[Date "2023.03.13"]
[WhiteClock "0:02:22"]
[BlackClock "0:00:14"]

1. d4 Nf6 2. c4 e6 3. Nc3 d5 4. Nf3 Nbd7 5. cxd5 exd5 6. Bg5 Bb4 7. e3 c5 8. dxc5 Qa5 9. Bxf6 Nxf6 10. Qd4 O-O 11. Bd3 Bxc5 12. Qh4 Ba3 13. Qa4 Qxa4 14. Nxa4 Bd7 15. bxa3 Bxa4 16. Kd2 Rfc8 17. Nd4 g6 18. f3 Kf8 19. g4 Nd7 20. Rab1 b6 21. h4 Ne5 22. h5 Nc6 23. hxg6 hxg6 24. Rh7 Nxd4 25. exd4 Be8 26. Re1 a6 27. f4 Kg8 28. Reh1 Rc6 29. Rh8+ Kg7 30. g5 1-0


[Site "Internet"]

[Event "Chessable Masters - Torneo preliminare"]
[White "Liang, Awonder"]
[Black "Larino Nieto, David"]
[WhiteFideId "2056437"]
[BlackFideId "2256444"]
[WhiteElo "2508"]
[BlackElo "2496"]
[Result "1-0"]
[Round "2"]
[TimeControl "600+2"]
[Date "2023.03.13"]
[WhiteClock "0:02:28"]
[BlackClock "0:00:05"]

1. e4 c6 2. Nc3 g6 3. Nf3 d5 4. d4 Bg7 5. h3 dxe4 6. Nxe4 Nf6 7. Bd3 O-O 8. O-O Qc7 9. Re1 Nxe4 10. Bxe4 Nd7 11. Qe2 e6 12. c3 c5 13. Be3 Nf6 14. Bc2 cxd4 15. Bxd4 Nd5 16. Bxg7 Kxg7 17. Bb3 Nf6 18. Rad1 b6 19. Nd4 a6 20. Rd3 Bb7 21. Bxe6 Rae8 22. Re3 Nh5 23. Bxf7 Rxe3 24. Qxe3 Kxf7 25. Ne6 Qd7 26. Nxf8 Kxf8 27. Qe6 Qxe6 28. Rxe6 Bxg2 29. Rxb6 Bxh3 30. Rxa6 Bf5 31. a4 Nf4 32. a5 h5 33. Rb6 Nd5 34. Rb7 Be4 35. a6 Nf6 36. Rb8+ Kg7 37. a7 h4 38. b4 h3 39. a8=Q Bxa8 40. Rxa8 g5 41. b5 Ne4 42. b6 Nd2 43. b7 Nf3+ 44. Kh1 1-0


[Site "Internet"]

[Event "Chessable Masters - Torneo preliminare"]
[White "Pap, Gyula"]
[Black "Giri, Anish"]
[WhiteFideId "725323"]
[BlackFideId "24116068"]
[WhiteElo "2563"]
[BlackElo "2714"]
[Result "1/2-1/2"]
[Round "2"]
[TimeControl "600+2"]
[Date "2023.03.13"]
[WhiteClock "0:00:24"]
[BlackClock "0:03:59"]

1. d4 Nf6 2. c3 g6 3. Bg5 Bg7 4. e3 h6 5. Bh4 d6 6. Nf3 O-O 7. Be2 Qe8 8. O-O e5 9. a4 a5 10. Na3 Bd7 11. Nb5 Na6 12. dxe5 dxe5 13. Nxe5 Qxe5 14. Bxf6 Qxf6 15. Qxd7 Rfd8 16. Qg4 Rd2 17. Rab1 h5 18. Qf3 c6 19. Na3 Nc5 20. Nc4 Rdd8 21. Qxf6 Bxf6 22. Ra1 Nb3 23. Ra3 Nd2 24. Re1 Be7 25. Raa1 Nxc4 26. Bxc4 Rd2 27. Re2 Rad8 28. Rxd2 Rxd2 29. Rb1 Kg7 30. Kf1 f5 31. Ke1 Rd8 32. Ke2 h4 33. b4 axb4 34. cxb4 b5 35. axb5 cxb5 36. Bxb5 Rb8 37. Bd3 Rxb4 38. Rxb4 Bxb4 39. g3 hxg3 40. hxg3 Kf6 41. f4 g5 42. Kf3 gxf4 43. exf4 Bd6 44. Bc2 Bc5 45. Bb1 Bd6 46. Bc2 Bc5 47. Bb1 Bd6 48. Bc2 1/2-1/2


[Site "Internet"]

[Event "Chessable Masters - Torneo preliminare"]
[White "Erigaisi, Arjun"]
[Black "Neiksans, Arturs"]
[WhiteFideId "35009192"]
[BlackFideId "11601388"]
[WhiteElo "2685"]
[BlackElo "2553"]
[Result "1-0"]
[Round "2"]
[TimeControl "600+2"]
[Date "2023.03.13"]
[WhiteClock "0:07:14"]
[BlackClock "0:02:25"]

1. d4 Nf6 2. c4 e6 3. Nc3 Bb4 4. f3 c5 5. d5 exd5 6. cxd5 d6 7. e4 a6 8. a4 Nbd7 9. Nh3 O-O 10. Be2 Ne5 11. Nf2 Rb8 12. O-O Bd7 13. g4 b5 14. g5 Ne8 15. f4 Nc4 16. axb5 axb5 17. Bxc4 bxc4 18. f5 f6 19. h4 Rb7 20. g6 hxg6 21. fxg6 f5 22. Bg5 Nf6 23. Bxf6 Qxf6 24. Qh5 Re8 25. exf5 Bxc3 26. bxc3 Re3 27. Ra8+ Be8 28. Qh7+ 1-0


[Site "Internet"]

[Event "Chessable Masters - Torneo preliminare"]
[White "Fressinet, Laurent"]
[Black "Durarbayli, Vasif"]
[WhiteFideId "608742"]
[BlackFideId "13402935"]
[WhiteElo "2689"]
[BlackElo "2531"]
[Result "0-1"]
[Round "2"]
[TimeControl "600+2"]
[Date "2023.03.13"]
[WhiteClock "0:00:18"]
[BlackClock "0:00:17"]

1. d4 Nf6 2. Nf3 e6 3. Bg5 h6 4. Bh4 c5 5. e3 d5 6. Nbd2 Nbd7 7. c3 Bd6 8. Bd3 O-O 9. O-O b6 10. Qe2 Bb7 11. e4 dxe4 12. Bxe4 Qc7 13. Bxb7 Qxb7 14. Nc4 Be7 15. Rfd1 Rfd8 16. a4 Rac8 17. a5 cxd4 18. Nxd4 Qa6 19. Ne3 Qxe2 20. Nxe2 Nc5 21. Rxd8+ Bxd8 22. axb6 axb6 23. Nd4 Nd3 24. Nd1 e5 25. Nf5 Nd5 26. Bg3 Bg5 27. Kf1 Rd8 28. h4 Bc1 29. Rb1 g6 30. Nfe3 Bxe3 31. Nxe3 Nxe3+ 32. fxe3 f5 33. Ke2 b5 34. e4 fxe4 35. Ke3 Kf7 36. Kxe4 Ke6 37. Ke3 Nc5 38. Ke2 Nb3 39. Rd1 Rxd1 40. Kxd1 e4 41. Ke2 Kd5 42. Ke3 Nc5 43. Bf4 h5 44. Bg3 Na4 45. Kf4 Nxb2 46. Kg5 Nd1 47. Be1 Ne3 48. g3 Nc2 49. Bd2 e3 50. Bxe3 Nxe3 51. Kxg6 Kc4 52. Kxh5 Kxc3 53. Kg6 b4 54. h5 b3 55. h6 b2 56. h7 b1=Q+ 57. Kg7 Qb7+ 58. Kg8 Qc8+ 59. Kg7 Qd7+ 60. Kg8 Qe8+ 61. Kg7 Qe5+ 62. Kg8 Qxg3+ 63. Kf7 Qc7+ 64. Kg8 Qd8+ 65. Kg7 Nf5+ 66. Kg6 Qh8 0-1


[Site "Internet"]

[Event "Chessable Masters - Torneo preliminare"]
[White "Tan, Zhongyi"]
[Black "Michalik, Peter"]
[WhiteFideId "8603642"]
[BlackFideId "14907526"]
[WhiteElo "2517"]
[BlackElo "2526"]
[Result "0-1"]
[Round "2"]
[TimeControl "600+2"]
[Date "2023.03.13"]
[WhiteClock "0:00:03"]
[BlackClock "0:00:12"]

1. d4 Nf6 2. c4 e6 3. Nf3 d5 4. Nc3 c5 5. cxd5 cxd4 6. Qxd4 exd5 7. Bg5 Be7 8. e3 O-O 9. Be2 h6 10. Bh4 Nc6 11. Qd3 Qb6 12. O-O Be6 13. a3 Rfd8 14. Rfd1 a6 15. b4 Rac8 16. Rac1 Qa7 17. b5 axb5 18. Nxb5 Qa5 19. Nfd4 Nxd4 20. Nxd4 Rxc1 21. Rxc1 Qxa3 22. Qb1 Ne4 23. Nb5 Qxc1+ 24. Qxc1 Bxh4 25. g3 Rc8 26. Qa3 Bf6 27. Bd3 Bh3 28. f3 Be7 29. Qb2 Bf6 30. Nd4 Nc5 31. Bc2 Ne6 32. Bd3 g6 33. Kf2 h5 34. Qb6 Rc3 35. Nxe6 Bxe6 36. Bxg6 d4 37. exd4 Rc4 38. Kg2 Rxd4 39. Bf5 Rd2+ 40. Kh1 Bd8 41. Qb1 Bc4 42. Bh7+ Kg7 43. Be4 Be2 44. Qa1+ Bf6 45. Qa5 Rd1+ 46. Kg2 Bf1+ 47. Kg1 Bd4+ 48. Kh1 Bh3+ 0-1


[Site "Internet"]

[Event "Chessable Masters - Torneo preliminare"]
[White "Andreikin, Dmitry"]
[Black "Hammer, Jon Ludvig"]
[WhiteFideId "4158814"]
[BlackFideId "1503707"]
[WhiteElo "2628"]
[BlackElo "2647"]
[Result "1-0"]
[Round "2"]
[TimeControl "600+2"]
[Date "2023.03.13"]
[WhiteClock "0:04:27"]
[BlackClock "0:00:02"]

1. c4 e6 2. Nc3 d5 3. d4 Nf6 4. cxd5 exd5 5. Bg5 c6 6. e3 Bf5 7. Qf3 Bg6 8. Bxf6 Qxf6 9. Qxf6 gxf6 10. Nf3 Nd7 11. Nh4 Be7 12. g3 Nb6 13. O-O-O Nc8 14. Bd3 Bxd3 15. Rxd3 Nd6 16. Kc2 f5 17. Ng2 h5 18. h4 Ne4 19. Rf1 Bd6 20. Ne2 Kd7 21. Nef4 a5 22. a4 Ra6 23. Rb3 Kc7 24. Kd3 Rb6 25. Rxb6 Kxb6 26. Ke2 Kc7 27. Rc1 Kd7 28. Nd3 Ke7 29. Ngf4 Nf6 30. Rc3 Rb8 31. Rb3 Bxf4 32. Nxf4 b5 33. Kf3 Ne4 34. Ke2 Nf6 35. Nd3 Nd7 36. Ra3 bxa4 37. Rxa4 Rb5 38. b4 axb4 39. Nxb4 Kd6 40. Nd3 Rb7 41. Ra8 Nf6 42. Kf3 Ne4 43. Ra2 Rb3 44. Nf4 Nf6 45. Ra7 Rb2 46. Rxf7 Ne4 47. Nh3 Ke6 48. Rh7 Nf6 49. Rc7 Rc2 50. Kf4 Ne4 51. f3 Nd6 52. Ng5+ Kf6 53. Nh7+ Ke6 54. Nf8+ Kf6 55. Nd7+ Ke6 56. Nc5+ Kf6 57. Rxc6 Ke7 58. Rc7+ Ke8 59. Rh7 Re2 60. Rxh5 1-0


[Site "Internet"]

[Event "Chessable Masters - Torneo preliminare"]
[White "Rustemov, Alexander"]
[Black "Vachier-Lagrave, Maxime"]
[WhiteFideId "4119002"]
[BlackFideId "623539"]
[WhiteElo "2494"]
[BlackElo "2762"]
[Result "0-1"]
[Round "2"]
[TimeControl "600+2"]
[Date "2023.03.13"]
[WhiteClock "0:00:25"]
[BlackClock "0:05:42"]

1. d4 Nf6 2. c4 e6 3. Nf3 d5 4. Nc3 Bb4 5. Bg5 h6 6. Bxf6 Qxf6 7. e3 O-O 8. Qb3 c5 9. cxd5 exd5 10. dxc5 Nc6 11. O-O-O Bxc5 12. Nxd5 Qd8 13. Kb1 Be6 14. Bc4 Na5 15. Qd3 Nxc4 16. Qxc4 Rc8 17. Qd3 Qa5 18. Qd2 Qa4 19. Nc3 Qa6 20. Nd4 Rfd8 21. Qc2 Bxd4 22. Rxd4 Rxd4 23. exd4 Bxa2+ 24. Kc1 b5 25. Kd2 Qf6 26. Qe4 Qxf2+ 27. Ne2 Bb3 28. Qf3 Rc2+ 29. Kd3 Rxe2 0-1


[Site "Internet"]

[Event "Chessable Masters - Torneo preliminare"]
[White "Aronian, Levon"]
[Black "Tari, Aryan"]
[WhiteFideId "13300474"]
[BlackFideId "1510045"]
[WhiteElo "2720"]
[BlackElo "2539"]
[Result "1-0"]
[Round "2"]
[TimeControl "600+2"]
[Date "2023.03.13"]
[WhiteClock "0:05:33"]
[BlackClock "0:03:08"]

1. e4 c6 2. Nf3 d5 3. d3 dxe4 4. dxe4 Qxd1+ 5. Kxd1 Nf6 6. Nbd2 g6 7. Ne1 Bg7 8. f3 b6 9. a4 Nfd7 10. a5 b5 11. Nb3 Na6 12. c3 Ndc5 13. Nxc5 Nxc5 14. Be3 Ne6 15. Nd3 a6 16. Be2 Bb7 17. Kc2 O-O-O 18. Rad1 f5 19. exf5 gxf5 20. Rhe1 Bf6 21. Nc5 Nxc5 22. Bxc5 Rxd1 23. Bxd1 Kd7 24. f4 Ke8 25. Bh5+ Kd8 26. Rd1+ Kc7 27. Re1 Kd8 28. Bf7 Rf8 29. Be6 Kc7 30. Bxf5 Bh4 31. Re5 Bc8 32. Bxc8 Kxc8 33. g3 Bf6 34. Bxe7 1-0


[Site "Internet"]

[Event "Chessable Masters - Torneo preliminare"]
[White "Yu, Yangyi"]
[Black "Mitrabha, Guha"]
[WhiteFideId "8603820"]
[BlackFideId "5057000"]
[WhiteElo "2734"]
[BlackElo "2401"]
[Result "0-1"]
[Round "2"]
[TimeControl "600+2"]
[Date "2023.03.13"]
[WhiteClock "0:00:02"]
[BlackClock "0:01:13"]

1. Nf3 Nf6 2. g3 b6 3. Bg2 Bb7 4. O-O c5 5. c4 g6 6. b3 Bg7 7. Bb2 O-O 8. d4 cxd4 9. Qxd4 d6 10. Nc3 Nbd7 11. Ne1 Qc8 12. Rc1 Ne4 13. Qe3 Nxc3 14. Bxc3 Bxc3 15. Rxc3 Bxg2 16. Nxg2 Re8 17. Nf4 Nf6 18. Qf3 Qf5 19. Rd1 Rac8 20. h4 b5 21. cxb5 Rxc3 22. Qxc3 Qxb5 23. Rc1 a5 24. Qc6 Rb8 25. Qxb5 Rxb5 26. Rc8+ Kg7 27. Rc7 Kf8 28. Ra7 Ne4 29. a4 Rxb3 30. Rxa5 e6 31. Ra7 Ra3 32. a5 Nc5 33. Kg2 Kg7 34. Nh3 h6 35. Nf4 Kf6 36. Ra8 Ra2 37. Kf1 Kf5 38. Ra7 Kf6 39. Ra8 Kf5 40. f3 g5 41. hxg5 hxg5 42. Ng2 Ke5 43. Ne3 d5 44. Rg8 Kd4 45. Ng2 f6 46. Rf8 Ke5 47. Ne3 f5 48. Rg8 Nb3 49. Rxg5 Nd4 50. a6 Rxe2 51. Ng4+ Kd6 52. Nf6 Ra2 53. Ne8+ Ke5 54. Nc7 Nxf3 55. Rg6 Nd4 56. Rh6 Kd6 57. Rh7 Kc6 58. Re7 e5 59. Ne8 e4 60. a7 Nb5 61. Re6+ Kc5 62. Nf6 Rxa7 63. Re5 Nc3 64. Rxf5 Kd4 65. Ng4 Ra2 66. Rf4 Nd1 67. Ke1 Ne3 68. Nxe3 Kxe3 69. Kf1 d4 70. Rf8 d3 71. Rd8 d2 72. Kg2 d1=Q+ 0-1


[Site "Internet"]

[Event "Chessable Masters - Torneo preliminare"]
[White "Makarian, Rudik"]
[Black "Santos Ruiz, Miguel"]
[WhiteFideId "44105681"]
[BlackFideId "22291482"]
[WhiteElo "2462"]
[BlackElo "2491"]
[Result "1-0"]
[Round "2"]
[TimeControl "600+2"]
[Date "2023.03.13"]
[WhiteClock "0:04:16"]
[BlackClock "0:01:30"]

1. d4 Nf6 2. c4 e6 3. Nf3 d5 4. Nc3 Bb4 5. Qa4+ Nc6 6. Bd2 O-O 7. a3 Bxc3 8. Bxc3 Ne4 9. Qc2 e5 10. cxd5 Qxd5 11. dxe5 Bf5 12. Nh4 Nxf2 13. e4 Nxh1 14. exd5 Bxc2 15. dxc6 Be4 16. cxb7 Bxb7 17. Bc4 Rad8 18. Ke2 Bd5 19. Bxd5 Rxd5 20. Rxh1 f6 21. Nf5 Re8 22. Ne3 Rb5 23. exf6 gxf6 24. Kf3 Re6 25. Rd1 Kf7 26. Rd4 h5 27. Rc4 c6 28. h3 Rb8 29. Ra4 Rb7 30. Ra5 Kg6 31. g3 Rd7 32. Ng2 Re8 33. Nf4+ Kg7 34. Nxh5+ Kg6 35. Nf4+ Kf7 36. Rf5 Rd6 37. g4 1-0


[Site "Internet"]

[Event "Chessable Masters - Torneo preliminare"]
[White "Xu, Yinglun"]
[Black "Vokhidov, Shamsiddin"]
[WhiteFideId "8604940"]
[BlackFideId "14204223"]
[WhiteElo "2523"]
[BlackElo "2514"]
[Result "0-1"]
[Round "2"]
[TimeControl "600+2"]
[Date "2023.03.13"]
[WhiteClock "0:00:06"]
[BlackClock "0:01:24"]

1. c4 e5 2. Nc3 Nf6 3. Nf3 Nc6 4. g3 Bb4 5. Bg2 O-O 6. Nd5 Bc5 7. O-O d6 8. e3 Bb6 9. a4 Be6 10. Ng5 Bf5 11. d3 Nxd5 12. cxd5 Nb4 13. e4 Bd7 14. a5 Bc5 15. Kh1 h6 16. Nf3 f5 17. Be3 Bxe3 18. fxe3 fxe4 19. dxe4 Bb5 20. Rf2 Nd3 21. Rc2 Nc5 22. Nxe5 Nb3 23. Ra3 dxe5 24. Rc3 Rf2 25. Raxb3 a6 26. Rc5 Ba4 27. Qe1 Rxg2 28. Kxg2 Bxb3 29. Qc3 Bd1 30. Qxe5 Qf8 31. Rxc7 Qf3+ 32. Kg1 Qxe3+ 33. Kg2 Qe2+ 34. Kg1 Qg4 0-1


[Site "Internet"]

[Event "Chessable Masters - Torneo preliminare"]
[White "Lenderman, Aleksandr"]
[Black "Vallejo Pons, Francisco"]
[WhiteFideId "2021285"]
[BlackFideId "2205530"]
[WhiteElo "2646"]
[BlackElo "2662"]
[Result "0-1"]
[Round "2"]
[TimeControl "600+2"]
[Date "2023.03.13"]
[WhiteClock "0:00:40"]
[BlackClock "0:00:09"]

1. Nf3 e6 2. g3 b5 3. e3 c6 4. Bg2 d5 5. O-O Nf6 6. d4 Nbd7 7. Qe2 a5 8. Nbd2 Ba6 9. Rd1 b4 10. Qe1 Be7 11. e4 O-O 12. h4 h6 13. e5 Nh7 14. Nf1 c5 15. dxc5 Bxc5 16. Bf4 Qb6 17. Ne3 Rfc8 18. g4 Ndf8 19. h5 Rc6 20. Rac1 Rac8 21. Bf1 a4 22. Bd3 Bxd3 23. cxd3 b3 24. a3 Bd4 25. Rxc6 Rxc6 26. Qd2 Ng5 27. Nxg5 hxg5 28. Bxg5 Nd7 29. Qe2 Nxe5 30. Kg2 Bxe3 31. Bxe3 Rc2 32. Bxb6 Rxe2 33. Bd4 Nc6 34. Bc3 Rc2 35. d4 Na7 36. Rb1 Nb5 37. Bb4 Nxd4 38. g5 Nc6 39. Be1 Ne5 40. Bc3 Nc4 41. g6 Rxc3 42. bxc3 Nxa3 43. Ra1 b2 44. Rxa3 b1=Q 45. Rxa4 fxg6 46. hxg6 Qxg6+ 0-1


[Site "Internet"]

[Event "Chessable Masters - Torneo preliminare"]
[White "Vetoshko, Volodymyr"]
[Black "Dreev, Aleksey"]
[WhiteFideId "14122480"]
[BlackFideId "4100107"]
[WhiteElo "2457"]
[BlackElo "2557"]
[Result "0-1"]
[Round "2"]
[TimeControl "600+2"]
[Date "2023.03.13"]
[WhiteClock "0:00:04"]
[BlackClock "0:01:28"]

1. e4 c6 2. d4 d5 3. exd5 cxd5 4. Bd3 Nc6 5. c3 Qc7 6. Na3 a6 7. Nc2 Nf6 8. h3 g6 9. Ne2 Bf5 10. Bf4 Qd7 11. O-O Bg7 12. Ne1 O-O 13. Ng3 e6 14. Be2 Rfe8 15. Nd3 Bxd3 16. Bxd3 b5 17. a3 Na5 18. Qe2 Rec8 19. Rfe1 Nc4 20. Nf1 Nh5 21. Bh2 Bh6 22. g3 Re8 23. f4 f5 24. Kg2 Nf6 25. Bg1 Ne4 26. Nh2 g5 27. fxg5 Bxg5 28. Nf3 Qg7 29. Bxe4 dxe4 30. Nxg5 Qxg5 31. b3 Na5 32. Be3 Qg6 33. Rab1 Rac8 34. Rec1 Nc6 35. c4 e5 36. dxe5 Nxe5 37. cxb5 Nd3 38. Rxc8 Rxc8 39. bxa6 f4 40. Qg4 Qxg4 41. hxg4 fxe3 42. Kf1 Rc2 43. a7 e2+ 44. Kg1 Rc8 45. b4 e3 46. b5 Nc1 47. Rxc1 Rxc1+ 48. Kg2 Rc8 0-1


[Site "Internet"]

[Event "Chessable Masters - Torneo preliminare"]
[White "Pantsulaia, Levan"]
[Black "Frolyanov, Dmitry"]
[WhiteFideId "13602071"]
[BlackFideId "4151976"]
[WhiteElo "2533"]
[BlackElo "2451"]
[Result "0-1"]
[Round "2"]
[TimeControl "600+2"]
[Date "2023.03.13"]
[WhiteClock "0:00:04"]
[BlackClock "0:00:21"]

1. Nf3 d5 2. c4 e6 3. g3 Nf6 4. Bg2 Be7 5. O-O O-O 6. b3 b6 7. cxd5 exd5 8. d4 Bb7 9. Nc3 Nbd7 10. Bb2 c6 11. Ne5 Nxe5 12. dxe5 Nd7 13. e4 d4 14. Qxd4 Bc5 15. Qd1 Nxe5 16. Na4 Nd3 17. Nxc5 bxc5 18. Bc3 Ba6 19. Qg4 f6 20. Rfd1 Qe7 21. Rd2 Rad8 22. Rad1 Ne5 23. Qf5 Rxd2 24. Rxd2 c4 25. h3 cxb3 26. axb3 Bc8 27. Qf4 Qc5 28. Bd4 Qb5 29. Qe3 Be6 30. f4 Nf7 31. Bc5 Re8 32. b4 a5 33. bxa5 Qxa5 34. Kh2 Bd5 35. Qd4 Bxe4 36. Re2 f5 37. Bb4 Qd5 38. Qa1 Qc4 39. Qe1 h6 40. Ba3 Ra8 41. Bxe4 fxe4 42. Bc1 Ra1 43. Rxe4 Qc2+ 44. Re2 Rxc1 45. Rxc2 Rxe1 46. Rxc6 Re2+ 47. Kg1 h5 48. Rc5 g6 49. Rc6 Kg7 50. Kh1 Rd2 51. Kg1 Nd6 52. Rc7+ Kf6 53. g4 hxg4 54. hxg4 Rd4 55. Rd7 Nb5 56. Rxd4 Nxd4 57. Kf2 Nb3 58. Ke3 Nc5 59. Kd4 Ne6+ 60. Ke4 Nc7 61. Kd4 Nb5+ 62. Ke4 Nc3+ 63. Kd4 Nd1 64. Ke4 Kf7 65. Kf3 Kg7 66. Ke2 Nc3+ 67. Kd3 Nb5 68. Ke4 Kf6 69. Kd3 Nd6 70. Kd4 Nb7 71. Kd5 Na5 72. Kd4 Nb3+ 73. Ke3 Ke7 74. Ke4 Nc1 75. Ke3 Kd6 76. Kf3 Kd5 77. Ke3 Nb3 78. Kd3 Nc5+ 79. Ke3 Nd7 80. Kf3 Nf6 81. g5 Nh5 0-1


[Site "Internet"]

[Event "Chessable Masters - Torneo preliminare"]
[White "Tabatabaei, M. Amin"]
[Black "Makhnev, Denis"]
[WhiteFideId "12521213"]
[BlackFideId "13707647"]
[WhiteElo "2558"]
[BlackElo "2505"]
[Result "1-0"]
[Round "2"]
[TimeControl "600+2"]
[Date "2023.03.13"]
[WhiteClock "0:00:39"]
[BlackClock "0:00:05"]

1. d4 Nf6 2. c4 e6 3. Nf3 d5 4. g3 Bb4+ 5. Bd2 Be7 6. Bg2 O-O 7. Qc2 Ne4 8. O-O Nd7 9. Nc3 Nxd2 10. Nxd2 c6 11. Rad1 f5 12. a3 a5 13. e3 Kh8 14. Rb1 b5 15. cxb5 cxb5 16. Nxb5 Ba6 17. a4 Qb6 18. Rfc1 Bxb5 19. axb5 Qxb5 20. Qc6 Qxc6 21. Rxc6 Bb4 22. Nf3 Rfe8 23. Rbc1 Rab8 24. Rc7 Nf8 25. Ne5 Kg8 26. Nc6 Rb6 27. Ra7 Bd6 28. Rc2 Ng6 29. Nxa5 Reb8 30. b3 Ne7 31. Bf1 Kf8 32. Ba6 Bb4 33. Rcc7 Bxa5 34. Rxe7 Rxa6 35. Rf7+ Ke8 36. Rae7+ Kd8 37. Rxg7 Rxb3 38. Rxh7 Rc6 39. Reg7 Kc8 40. Rh8+ Bd8 41. h4 Rc7 42. Rgg8 Rd7 43. h5 Kc7 44. Rg6 Rb6 45. h6 Be7 46. h7 Bd6 47. Rc8+ Kxc8 48. h8=Q+ Rd8 49. Qh6 Bf8 50. Qh7 Rb7 51. Qg8 Bd6 52. Qxe6+ Rbd7 53. Qxf5 1-0


[Site "Internet"]

[Event "Chessable Masters - Torneo preliminare"]
[White "Raja, Rithvik R"]
[Black "Ponkratov, Pavel"]
[WhiteFideId "35007394"]
[BlackFideId "4157800"]
[WhiteElo "2387"]
[BlackElo "2586"]
[Result "0-1"]
[Round "2"]
[TimeControl "600+2"]
[Date "2023.03.13"]
[WhiteClock "0:01:06"]
[BlackClock "0:03:57"]

1. d4 Nf6 2. c4 e6 3. Nf3 c5 4. Nc3 cxd4 5. Nxd4 Nc6 6. a3 Bc5 7. Nb3 Be7 8. e4 O-O 9. Be2 b6 10. O-O Qc7 11. Be3 Bb7 12. Rc1 Rac8 13. Nd2 Rfd8 14. f4 d5 15. cxd5 exd5 16. exd5 Nxd5 17. Nxd5 Rxd5 18. Bf3 Rd6 19. Qe2 Re8 20. Nc4 Re6 21. Ne5 Bf6 22. Bd5 Bxe5 23. fxe5 Qxe5 24. Bxe6 Rxe6 25. Rce1 h6 26. Qf2 Rf6 27. Qd2 Rd6 28. Qc2 Rg6 29. Qf2 Qd5 30. Bf4 Nd4 31. Bg3 Rf6 32. Re8+ Kh7 33. Bf4 Rxf4 34. Qg3 Rxf1+ 35. Kxf1 Qb5+ 0-1


[Site "Internet"]

[Event "Chessable Masters - Torneo preliminare"]
[White "Flores, Diego"]
[Black "Hong, Andrew"]
[WhiteFideId "108049"]
[BlackFideId "2099438"]
[WhiteElo "2598"]
[BlackElo "2590"]
[Result "1-0"]
[Round "2"]
[TimeControl "600+2"]
[Date "2023.03.13"]
[WhiteClock "0:00:14"]
[BlackClock "0:00:14"]

1. c4 Nf6 2. Nc3 c5 3. g3 g6 4. Bg2 Bg7 5. d3 Nc6 6. e4 d6 7. Nge2 O-O 8. O-O a6 9. h3 Rb8 10. a4 Ne8 11. Be3 Nd4 12. Rb1 Nxe2+ 13. Qxe2 Nc7 14. Qd2 b5 15. axb5 axb5 16. b4 bxc4 17. bxc5 Rxb1 18. Rxb1 cxd3 19. c6 Ba6 20. Bb6 e6 21. Ra1 Bc4 22. Ra7 Qf6 23. Bxc7 Qxc3 24. Qxc3 Bxc3 25. Bxd6 Rc8 26. c7 Kg7 27. Rb7 Ba5 28. Ra7 Bb6 29. Rb7 Ba5 30. Bf3 d2 31. Bd1 f6 32. f3 Bc3 33. f4 f5 34. Rb8 Ba6 35. e5 Kf7 36. Kf2 Ba5 37. Be2 h5 38. g4 fxg4 39. hxg4 h4 40. Bf3 Bxc7 41. Rxc8 Bb6+ 42. Bc5 Bxc8 43. Bxb6 Bb7 44. Bd1 g5 45. fxg5 Kg6 46. Be3 h3 47. Kg3 Bg2 48. Bxd2 Kg7 49. Bc2 Kf7 50. g6+ Kg7 51. Bg5 Bf1 52. Bf6+ Kg8 53. Be4 Kf8 54. Bc6 Kg8 55. Bd7 Bc4 56. Kxh3 Kf8 57. Kh4 Kg8 58. Kg5 Kf8 59. Kh6 Kg8 60. Be8 Bd3 61. Be7 Kh8 62. Bf7 1-0


[Site "Internet"]

[Event "Chessable Masters - Torneo preliminare"]
[White "Mareco, Sandro"]
[Black "Salgado Lopez, Ivan"]
[WhiteFideId "112275"]
[BlackFideId "2257327"]
[WhiteElo "2541"]
[BlackElo "2554"]
[Result "1-0"]
[Round "2"]
[TimeControl "600+2"]
[Date "2023.03.13"]
[WhiteClock "0:07:06"]
[BlackClock "0:04:59"]

1. d4 Nf6 2. c4 e6 3. Nf3 d5 4. g3 Be7 5. Bg2 O-O 6. O-O dxc4 7. Qc2 a6 8. a4 Nc6 9. Qxc4 Qd5 10. Nbd2 Rd8 11. e3 Qxc4 12. Nxc4 a5 13. Bd2 Nd5 14. Rfc1 Ndb4 15. Nfe5 Nxe5 16. Nxe5 c6 17. Bxb4 Bxb4 18. Nd3 Be7 19. Nc5 Rb8 20. Rab1 f6 21. b4 axb4 22. Rxb4 e5 23. Bxc6 exd4 24. exd4 Bh3 25. Bxb7 Kf8 26. a5 1-0


[Site "Internet"]

[Event "Chessable Masters - Torneo preliminare"]
[White "Narayanan, Srinath"]
[Black "Steinberg, Nitzan"]
[WhiteFideId "5018420"]
[BlackFideId "2801795"]
[WhiteElo "2482"]
[BlackElo "2500"]
[Result "1/2-1/2"]
[Round "2"]
[TimeControl "600+2"]
[Date "2023.03.13"]
[WhiteClock "0:06:06"]
[BlackClock "0:05:28"]

1. Nf3 d5 2. e3 Nf6 3. c4 c6 4. Nc3 e6 5. d4 Nbd7 6. Qc2 a5 7. e4 dxe4 8. Nxe4 Nxe4 9. Qxe4 Bb4+ 10. Bd2 Bxd2+ 11. Nxd2 O-O 12. Nf3 Qb6 13. Qc2 c5 14. Rd1 Qb4+ 15. Qd2 cxd4 16. Nxd4 Nc5 17. a3 Qxd2+ 18. Rxd2 e5 19. Nb5 Bf5 20. Rd5 b6 1/2-1/2


[Site "Internet"]

[Event "Chessable Masters - Torneo preliminare"]
[White "Darini, Pouria"]
[Black "Bok, Benjamin"]
[WhiteFideId "12502200"]
[BlackFideId "1017063"]
[WhiteElo "2573"]
[BlackElo "2608"]
[Result "1-0"]
[Round "2"]
[TimeControl "600+2"]
[Date "2023.03.13"]
[WhiteClock "0:00:12"]
[BlackClock "0:00:06"]

1. e4 e5 2. Bc4 Nf6 3. d3 Nc6 4. Nc3 Bb4 5. Ne2 d5 6. exd5 Nxd5 7. O-O Be6 8. a3 Bxc3 9. bxc3 O-O 10. Re1 Qd7 11. Rb1 Nb6 12. Bxe6 Qxe6 13. f4 Rfe8 14. Ng3 Qd7 15. f5 f6 16. Qf3 Ne7 17. Rf1 Rab8 18. Ne4 Nbc8 19. Qg4 Kh8 20. Rf3 Nd6 21. Nc5 Qc8 22. Qh5 Ndxf5 23. Rh3 h6 24. Bd2 Rf8 25. Rf1 b6 26. Ne4 Kg8 27. Qg4 Nd6 28. Qh5 Nxe4 29. dxe4 Qe8 30. Qg4 Qg6 31. Qe6+ Qf7 32. Qg4 Kh7 33. Rff3 Rbd8 34. Bxh6 Ng6 35. Be3+ Kg8 36. Qh5 Qe8 37. Qh7+ Kf7 38. Rhg3 Nf4 39. Rxg7+ Ke6 40. Bxf4 exf4 41. Qf5+ Kd6 42. Qd5# 1-0


[Site "Internet"]